 Dungeon Crawl Stone Soup version 0.19.1 (webtiles) character file.

261 XO4YCPATb the Ruffian (level 6, -9/51 HPs)
             Began as a Ghoul Monk on Dec 1, 2016.
             Mangled by an ogre
             ... wielding a +0 giant club
              (15 damage)
             ... on level 4 of the Dungeon.
             The game lasted 00:03:24 (1980 turns).

XO4YCPATb the Ruffian (Ghoul Monk)                  Turns: 1980, Time: 00:03:25

Health: -9/51      AC:  7    Str: 17    XL:     6   Next: 18%
Magic:  5/5        EV: 11    Int:  5    God:
Gold:   135        SH:  0    Dex: 11    Spells: 0 memorised, 5 levels left

rFire  . . .     SeeInvis .       - Unarmed
rCold  + . .     Gourm    .     t - +0 ring mail
rNeg   + + +     Faith    .     (no shield)
rPois  ∞         Spirit   .     o - +0 helmet
rElec  .         Reflect  .     (no cloak)
rCorr  .         Harm     .     (no gloves)
MR     .....                    j - +0 pair of boots
Stlth  +.........               (no amulet)
                                (no ring)
                                (no ring)

@: rotting
A: rotting body, claws 1, carnivore 3, cold resistance 1, negative energy
resistance 3, slow regeneration 1, torment resistance, unbreathing
a: no special abilities


You were on level 4 of the Dungeon.
You were not hungry.

You visited 1 branch of the dungeon, and saw 4 of its levels.

You collected 135 gold pieces.

Inventory:

Missiles
 q - 4 tomahawks (quivered)
Armour
 j - a +0 pair of boots (worn)
 o - a +0 helmet (worn)
 t - a +0 ring mail (worn)
Scrolls
 a - a scroll of recharging
 d - a scroll of blinking {unknown}
 k - a scroll of enchant weapon {unknown}
 m - a scroll of fog
 n - a scroll of teleportation
 p - 2 scrolls of random uselessness {unknown}
 r - 2 scrolls of remove curse
 u - a scroll of fear {unknown}
Potions
 e - 3 potions of brilliance
 f - 2 potions of lignification {unknown}
 g - 4 potions of curing {unknown}
 i - a potion of cure mutation {unknown}
 s - 2 potions of heal wounds {unknown}
 v - a potion of flight {unknown}
 w - 2 potions of agility {unknown}
Comestibles
 b - 4 meat rations
 c - 3 slices of pizza
 h - 8 chunks of flesh
 l - a beef jerky


   Skills:
 - Level 3.2 Fighting
 - Level 2.6 Dodging
 - Level 2.1 Stealth
 * Level 7.3 Unarmed Combat


You had 5 spell levels left.
You didn't know any spells.

Dungeon Overview and Level Annotations

Branches:
Dungeon (4/15)
 Temple: D:4-7

Altars:
Uskayaw


Innate Abilities, Weirdness & Mutations

Your body is rotting away.
You thrive on raw meat.
You are immune to poison.
You have sharp fingernails.
You are carnivorous and can eat meat at any time.
Your flesh is cold resistant. (rC+)
You are immune to negative energy. (rN+++)
You regenerate slowly when monsters are visible.
You are immune to unholy pain and torment.
You can survive without breathing.


Message History

The worker ant bites you but does no damage.
You claw the ogre!
The ogre is almost dead.
The worker ant bites you. The ogre hits you with a giant club!!
You scratch the ogre.
The ogre is almost dead.
The worker ant closely misses you. The ogre hits you with a giant club.
You barely miss the ogre.
The ogre is almost dead.
The worker ant bites you but does no damage.
Unknown command.
You closely miss the ogre.
The ogre is almost dead.
The worker ant barely misses you. The ogre hits you with a giant club!
* * * LOW HITPOINT WARNING * * *
Unknown command.
Eat one of 8 chunks of flesh? (ye/n/q)
You start eating one of the 8 chunks of flesh.
The worker ant barely misses you. The ogre hits you with a giant club!
You die...

#..# . ##...
..#....#####
...........##
<.....[.....##
!$...........#
.............#
.........O@..#
..........a..#
.............#
..........÷.##
#..........##
##..###.####
#... #.# #.#
#>. ##


You could see an ogre and a worker ant.

Vanquished Creatures
  Grinder (D:3)
  An adder (D:3)
  5 worms
  A dart slug (D:3)
  3 leopard geckos
  3 orcs (D:3)
  3 bats
  4 giant cockroaches
  6 goblins
  12 hobgoblins
  2 jackals (D:3)
  4 kobolds
  A quokka (D:3)
  A ball python (D:3)
  2 frilled lizards
  7 rats
56 creatures vanquished.

Notes
Turn   | Place    | Note
-------+----------+-------------------------------------------
     0 | D:1      | XO4YCPATb the Ghoul Monk began the quest for the Orb.
     0 | D:1      | Reached XP level 1. HP: 19/19 MP: 0/0
   296 | D:1      | Reached XP level 2. HP: 24/26 MP: 1/1
   599 | D:1      | Reached skill level 4 in Unarmed Combat
   845 | D:2      | Reached XP level 3. HP: 28/31 MP: 2/2
  1374 | D:2      | Reached skill level 5 in Unarmed Combat
  1498 | D:3      | Reached XP level 4. HP: 29/38 MP: 3/3
  1735 | D:3      | Found a hide-covered altar of Uskayaw.
  1738 | D:3      | Noticed Grinder
  1745 | D:3      | Killed Grinder
  1745 | D:3      | Reached skill level 7 in Unarmed Combat
  1745 | D:3      | Reached XP level 5. HP: 42/45 MP: 4/4
  1745 | D:3      | Reached XP level 6. HP: 48/51 MP: 5/5
  1980 | D:4      | Mangled by an ogre

Skill      XL: |  1  2  3  4 |
---------------+-------------+-----
Unarmed Combat | 4 5 7 |  7.3
Fighting       | |  3.2
Dodging        | |  2.6
Stealth        | |  2.1

Action                   |  1- 3 |  4- 6 || total
-------------------------+-------+-------++-------
Melee: Unarmed           |   120 |    59 ||   179
       Punch             |     3 |     2 ||     5
  Use: Scroll            |     5 |     1 ||     6
 Stab: Sleeping          |     2 |       ||     2
  Eat: Chunk             |     7 |     4 ||    11
Armor: Robe              |    17 |       ||    17
       Ring mail         |    17 |    10 ||    27
Dodge: Dodged            |    66 |    31 ||    97
